 Dungeon Crawl Stone Soup version 0.30-b1-2-g02819fbbbe (webtiles) character file.

Game seed: 11882590441384838079

378 Bobz the Cudgeller (level 6, -6/53 HPs)
             Began as a Gnoll Cinder Acolyte on May 15, 2023.
             Was a High Priest of Ignis.
             Mangled by Blork the orc
             ... wielding a +1 glaive of venom
              (8 damage)
             ... on level 5 of the Dungeon.
             The game lasted 00:20:21 (3644 turns).

Bobz the Cudgeller (Gnoll Cinder Acolyte)           Turns: 3644, Time: 00:20:22

Health: -6/53      AC:  6    Str: 14    XL:     6   Next: 74%
Magic:  8/11       EV: 24    Int: 13    God:    Ignis [*****.]
Gold:   183        SH:  0    Dex:  9    Spells: 11/12 levels left

rFire   + . .        b - +2 dagger (venom)
rCold   . . .        (no shield)
rNeg    . . .        l - +0 scale mail
rPois   .            (no helmet)
rElec   .            (no cloak)
rCorr   .            (no gloves)
SInv    .            (no boots)
Will    .....        c - amulet of the acrobat Stlth
                     (no ring)
HPRegen 0.28/turn    (no ring)
MPRegen 0.12/turn

%: acrobat
@: lethally poisoned (-6 -> -14), acrobatic, very slightly contaminated
A: fangs 1, strong nose, distributed training
a: Renounce Religion, Fiery Armour, Foxfire Swarm, Rising Flame


You were on level 5 of the Dungeon.
You worshipped Ignis.
Ignis was extremely pleased with you.
You visited 1 branch of the dungeon, and saw 5 of its levels.

You collected 183 gold pieces.

Inventory:

Hand Weapons
 a - a -1 mace of flaming
 b - a +2 dagger of venom (weapon)
 k - a +2 war axe of flaming
Missiles
 f - 10 poisoned darts (quivered)
 j - 4 atropa-tipped darts
Armour
 l - a +0 scale mail (worn)
Jewellery
 c - an amulet of the acrobat (around neck)
Scrolls
 n - a scroll of amnesia
Potions
 d - 2 potions of degeneration
 e - a potion of lignification
 g - a potion of brilliance
 h - a potion of resistance
 i - a potion of mutation


   Skills:
 + Level 6.9 Fighting
 + Level 2.1 Short Blades
 + Level 2.1 Long Blades
 + Level 2.1 Axes
 + Level 6.9 Maces & Flails
 + Level 2.1 Polearms
 + Level 2.1 Staves
 + Level 2.1 Ranged Weapons
 + Level 2.1 Throwing
 + Level 2.1 Armour
 + Level 2.1 Dodging
 + Level 2.1 Stealth
 + Level 2.1 Shields
 + Level 2.1 Unarmed Combat
 + Level 3.5 Spellcasting
 + Level 1.7 Conjurations
 + Level 1.7 Hexes
 + Level 1.7 Summonings
 + Level 1.7 Necromancy
 + Level 1.7 Translocations
 + Level 1.7 Transmutations
 + Level 5.7 Fire Magic
 + Level 1.7 Ice Magic
 + Level 1.7 Air Magic
 + Level 1.7 Earth Magic
 + Level 1.7 Poison Magic
 + Level 2.4 Invocations
 + Level 2.1 Evocations


You had 11 spell levels left.
You knew the following spells:

 Your Spells              Type           Power      Damage    Failure   Level
a - Magic Dart            Conj           24%        1d4       41%         1

Your spell library contained the following spells:

 Spells                   Type           Power      Damage    Failure   Level
 Scorch                   Fire           34%        2d6       13%         2
 Shock                    Conj/Air       24%        1d4       41%         1
 Searing Ray              Conj           12%        2d4       56%         2
 Swiftness                Air            6%         N/A       80%         3
 Airstrike                Air            3%         2d(1-17)  99%         4
 Fulminant Prism          Conj/Hex       3%         3d5       99%         4


Dungeon Overview and Level Annotations

Branches:
Dungeon (5/15)
 Temple: D:4-7

Altars:
Wu Jian
Xom

Annotations:
D:1 1 runed translucent door
D:3 Sigmund
D:5 Blork the orc


Innate Abilities, Weirdness & Mutations

You have very sharp teeth.
Your uncanny sense of smell can sniff out nearby items.
Your experience applies equally to all skills.


Message History

Blork the orc closely misses you.
You're too confused to move!
The orc hits you but does no damage.
Blork the orc hits you with a +1 glaive of venom!
You are poisoned.
The orc hits you but does no damage.
The orc wizard gestures at you while chanting.
The magic dart hits you but does no damage.
Found a stone staircase leading up.
You feel less confused.
You feel very sick. Blork the orc completely misses you.
Blork the orc misses you.
You hit the orc wizard but do no damage.
The orc wizard is poisoned.
The orc wizard is heavily wounded.
You feel sick.
Blork the orc hits you from afar with a +1 glaive of venom.
You are more poisoned.
The orc hits you with a +0 mace.
* * * LOW HITPOINT WARNING * * *
The orc wizard hits you but does no damage.
The orc wizard attacks as you move away!
The orc wizard hits you but does no damage.
* * * LOW HITPOINT WARNING * * *
You feel very sick. Blork the orc completely misses you.
The orc closely misses you. Blork the orc misses you.
Blork the orc attacks as you move away! Blork the orc misses you.
Found 6 javelins and a scale mail.
* * * LOW HITPOINT WARNING * * *
You feel very sick.
The orc wizard mumbles some strange words.
The orc wizard flickers and vanishes!
Deactivating autopickup; reactivate with Ctrl-A.
Blork the orc completely misses you.
Found 3 silver javelins.
Found a stone staircase leading down.
* * * LOW HITPOINT WARNING * * *
You feel sick. The orc hits you with a +0 hand axe.
* * * LOW HITPOINT WARNING * * *
Blork the orc hits you from afar with a +1 glaive of venom!
You die...

#..... >(#
#..[(. .. ..
#....##.##...
###....<.......
..............
#...........
#.........#
#...@.....#
#...oo....#
#...o.....#
#........##
#....$...#
###........#
#..........#
#..........#
#..........#


You could see Blork the orc (fast, poisoned) and 2 orcs.

Vanquished Creatures
  2 phantoms (D:4)
  A howler monkey (D:4)
  A hound (D:5)
  An iguana (D:4)
  A sleepcap (D:4)
  6 adders
  3 dart slugs
  4 orcs (D:4)
  An endoplasm (D:3)
  3 giant cockroaches
  5 goblins
  5 hobgoblins
  3 jackals (D:1)
  5 kobolds
  2 quokkas
  3 ball pythons
  3 bats (D:1)
  2 frilled lizards (D:1)
  3 rats
54 creatures vanquished.

Notes
Turn   | Place    | Note
-------+----------+-------------------------------------------
     0 | D:1      | Bobz the Gnoll Cinder Acolyte began the quest for the Orb.
     0 | D:1      | Reached XP level 1. HP: 23/23 MP: 4/4
     1 | D:1      | Found a runed translucent door.
   153 | D:1      | Reached XP level 2. HP: 26/29 MP: 5/5
   701 | D:2      | Reached XP level 3. HP: 35/35 MP: 7/7
   767 | D:2      | Reached skill level 1 in Invocations
   832 | D:2      | Learned a level 1 spell: Magic Dart
  1243 | D:3      | Reached skill level 1 in Short Blades
  1243 | D:3      | Reached skill level 1 in Long Blades
  1243 | D:3      | Reached skill level 1 in Axes
  1243 | D:3      | Reached skill level 1 in Polearms
  1243 | D:3      | Reached skill level 1 in Staves
  1243 | D:3      | Reached skill level 1 in Ranged Weapons
  1243 | D:3      | Reached skill level 1 in Throwing
  1243 | D:3      | Reached skill level 1 in Armour
  1243 | D:3      | Reached skill level 1 in Dodging
  1243 | D:3      | Reached skill level 1 in Stealth
  1243 | D:3      | Reached skill level 1 in Shields
  1243 | D:3      | Reached skill level 1 in Unarmed Combat
  1243 | D:3      | Reached skill level 1 in Evocations
  1487 | D:3      | Reached XP level 4. HP: 33/41 MP: 8/8
  1744 | D:3      | Noticed Sigmund
  1883 | D:4      | Found an ornate altar of the Wu Jian Council.
  1894 | D:4      | Noticed a phantom
  1895 | D:4      | Reached skill level 1 in Conjurations
  1895 | D:4      | Reached skill level 1 in Hexes
  1895 | D:4      | Reached skill level 1 in Summonings
  1895 | D:4      | Reached skill level 1 in Necromancy
  1895 | D:4      | Reached skill level 1 in Translocations
  1895 | D:4      | Reached skill level 1 in Transmutations
  1895 | D:4      | Reached skill level 1 in Ice Magic
  1895 | D:4      | Reached skill level 1 in Air Magic
  1895 | D:4      | Reached skill level 1 in Earth Magic
  1895 | D:4      | Reached skill level 1 in Poison Magic
  1926 | D:4      | Killed a phantom
  1927 | D:4      | Reached XP level 5. HP: 26/47 MP: 9/9
  2380 | D:4      | Noticed a phantom
  2432 | D:4      | Reached XP level 6. HP: 6/53 MP: 11/11
  2614 | D:4      | Found a shimmering altar of Xom.
  3497 | D:5      | Entered Level 5 of the Dungeon
  3628 | D:5      | Noticed Blork the orc
  3644 | D:5      | HP: 2/53 [orc/+0 hand axe (4)]
  3644 | D:5      | Mangled by Blork the orc

Illustrated notes

Levels and vault maps discovered:
D:1:      dpeg_arrival_caged_fury, layout_basic, minmay_heptomino_l4
D:2:      layout_basic
D:3:      layout_basic, uniq_sigmund
D:4:      layout_basic, mainiacjoe_overflow_chevrons, xom_teletrap_fun
D:5:      layout_basic, minmay_temple_entry_overgrown, uniq_blork_the_orc

Skill      XL: |  1  2  3  4  5  6 |
---------------+-------------------+-----
Invocations    | 1 2 |  2.4
Short Blades   | 1 2 |  2.1
Long Blades    | 1 2 |  2.1
Axes           | 1 2 |  2.1
Polearms       | 1 2 |  2.1
Staves         | 1 2 |  2.1
Ranged Weapons | 1 2 |  2.1
Throwing       | 1 2 |  2.1
Armour         | 1 2 |  2.1
Dodging        | 1 2 |  2.1
Stealth        | 1 2 |  2.1
Shields        | 1 2 |  2.1
Unarmed Combat | 1 2 |  2.1
Evocations     | 1 2 |  2.1
Spellcasting   | 3 |  3.5
Conjurations   | 1 |  1.7
Hexes          | 1 |  1.7
Summonings     | 1 |  1.7
Necromancy     | 1 |  1.7
Translocations | 1 |  1.7
Transmutations | 1 |  1.7
Ice Magic      | 1 |  1.7
Air Magic      | 1 |  1.7
Earth Magic    | 1 |  1.7
Poison Magic   | 1 |  1.7
Fighting       | |  6.9
Maces & Flails | |  6.9
Fire Magic     | |  5.7

Action                     |  1- 3 |  4- 6 || total
---------------------------+-------+-------++-------
  Melee: Mace              |    18 |       ||    18
         Dagger            |    66 |   159 ||   225
         Bite              |     5 |    15 ||    20
         Punch             |       |     3 ||     3
  Throw: Dart              |     3 |       ||     3
   Cast: Magic Dart        |     9 |    40 ||    49
    Use: Scroll            |     6 |     5 ||    11
 Armour: Ring mail         |    27 |    23 ||    50
         Scale mail        |       |    33 ||    33
  Dodge: Dodged            |    50 |    89 ||   139
